 Dungeon Crawl Stone Soup version 0.21.0-3-g78d12a8 (webtiles) character file.

9218 grindst0ne the Fighter (level 11, -4/90 HPs)
             Began as a Demonspawn Fire Elementalist on Jan 9, 2018.
             Was a High Priest of Okawaru.
             Slain by a troll (8 damage)
             ... on level 11 of the Dungeon.
             The game lasted 00:47:35 (16756 turns).

grindst0ne the Fighter (DsFE)                      Turns: 16756, Time: 00:47:36

Health: -4/90      AC:  2    Str: 11    XL:     11   Next: 20%
Magic:  17/17      EV: 19    Int: 16    God:    Okawaru [*****.]
Gold:   404        SH:  0    Dex: 20    Spells: 9/14 levels left

rFire    . . .     SeeInvis .   (weapon currently unavailable)
rCold    . . .     Gourm    .   (shield currently unavailable)
rNeg     . . .     Faith    +   (armour currently unavailable)
rPois    x         Spirit   .   (helmet currently unavailable)
rElec    .         Reflect  .   (cloak currently unavailable)
rCorr    .         Harm     .   (gloves currently unavailable)
MR       .....                  (boots currently unavailable)
Stlth    ++........             G - amulet of faith
HPRegen  0.25/turn              A - ring of wizardry
MPRegen  0.15/turn              (no ring)

@: lethally poisoned (-4 -> -36), spider-form (expiring), very slightly
contaminated, invisible
A: tiny, powered by pain 2
a: End Transformation, Heroism, Finesse, Renounce Religion


You were on level 11 of the Dungeon.
You worshipped Okawaru.
Okawaru was extremely pleased with you.
You were hungry.
You were a venomous arachnid creature.
You visited 1 branch of the dungeon, and saw 11 of its levels.
You visited the Abyss 1 time.

You collected 599 gold pieces.
You spent 195 gold pieces at shops.

Inventory:

Hand Weapons
 n - a +0 war axe
 N - a +2 war axe of venom (melded)
Armour
 d - a +2 pair of boots (melded)
 i - a +0 plate armour
 p - a +2 robe of resistance
 q - the +2 ring mail "Wuyh" (melded) {*Drain Dex+10}
   (Okawaru gifted it to you on level 8 of the Dungeon)

   It affects your dexterity (+10).
   It causes draining when unequipped.
 I - a +2 cloak of poison resistance (melded)
 M - a +2 leather armour of cold resistance
Jewellery
 a - an uncursed ring of positive energy
 A - a ring of wizardry (left front leg)
 E - a +5 ring of intelligence
 G - an amulet of faith (around neck)
Wands
 J - a wand of polymorph (6)
 K - a wand of flame (35)
Scrolls
 b - a scroll of fog {unknown}
 e - a scroll of immolation {unknown}
 j - 7 scrolls of remove curse
 k - 2 scrolls of enchant weapon
 l - a scroll of holy word {unknown}
 o - a scroll of magic mapping
 s - 3 scrolls of amnesia
 v - a scroll of blinking {unknown}
 D - 4 scrolls of teleportation
 F - a scroll of random uselessness {unknown}
 H - a scroll of identify
 L - a scroll of vulnerability {unknown}
Potions
 f - 2 potions of cancellation {unknown}
 m - a potion of invisibility
 t - a potion of magic {unknown}
 w - 2 potions of flight
 x - 2 potions of degeneration {unknown}
 z - 2 potions of resistance {unknown}
 B - a potion of might {unknown}
 C - a potion of brilliance {unknown}
Books
 g - a book of Flames

   Spells                             Type                      Level
   a - Flame Tongue                   Conjuration/Fire             1
   b - Throw Flame                    Conjuration/Fire             2
   c - Conjure Flame                  Conjuration/Fire             3
   d - Inner Flame                    Hexes/Fire                   3
   e - Sticky Flame                   Conjuration/Fire             4
   f - Fireball                       Conjuration/Fire             5
 h - a book of Fire

   Spells                             Type                      Level
   a - Ignite Poison                  Fire/Transmutation/Poison    3
   b - Fireball                       Conjuration/Fire             5
   c - Bolt of Fire                   Conjuration/Fire             6
   d - Ring of Flames                 Charms/Fire                  7
   e - Ignition                       Fire                         8
 u - a book of Clouds

   Spells                             Type                      Level
   a - Poisonous Vapours              Poison/Air                   2
   b - Mephitic Cloud                 Conjuration/Poison/Air       3
   c - Conjure Flame                  Conjuration/Fire             3
   d - Freezing Cloud                 Conjuration/Ice/Air          6
   e - Ring of Flames                 Charms/Fire                  7
 y - a book of Changes

   Spells                             Type                      Level
   a - Beastly Appendage              Transmutation                1
   b - Sticks to Snakes               Transmutation                2
   c - Spider Form                    Transmutation/Poison         3
   d - Ice Form                       Ice/Transmutation            4
   e - Blade Hands                    Transmutation                5
Comestibles
 c - 5 rations


   Skills:
 - Level 10.0 Fighting
 + Level 6.6 Axes
 + Level 6.6 Armour
 - Level 1.7 Dodging
 - Level 1.7 Stealth
 - Level 2.0 Spellcasting
 - Level 1.0 Conjurations
 - Level 6.5 Transmutations
 - Level 2.6 Fire Magic
 - Level 9.0 Invocations


You had 9 spell levels left.
You knew the following spells:

 Your Spells              Type           Power        Failure   Level  Hunger
b - Throw Flame           Conj/Fire      #.....       13%         2    ###....
c - Spider Form           Tmut/Pois      ##........   14%         3    ###....


Dungeon Overview and Level Annotations

Branches:
Dungeon (10/15)            Temple (0/1) D:6
   Lair: D:8-11         Orc: D:9-12

Altars:
Cheibriados
Kikubaaqudgha
Okawaru
Wu Jian

Shops:
D:8 *

Annotations:
D:6 exclusion: downstairs
D:7 exclusion: 2 downstairs
D:11 Fannar


Innate Abilities, Weirdness & Mutations

((You have a pair of antennae on your head.))
You sometimes gain power by taking damage.
((When seriously injured, your bleeding wounds create armour. (AC +0)))


Message History

The killer bee stings you!
* * * LOW HITPOINT WARNING * * *
The killer bee misses you. The killer bee stings you.
* * * LOW HITPOINT WARNING * * *
You are lethally poisoned!
The killer bee poisons you! The killer bee completely misses you.
The troll bites you!
* * * LOW HITPOINT WARNING * * *
You focus on the pain.
You feel your power returning. The troll misses you.
The troll completely misses you.
Fannar the Cold-Hearted comes into view.
He is wielding a quarterstaff of freezing.
You completely miss the killer bee.
* * * LOW HITPOINT WARNING * * *
You feel very sick.
You kill the killer bee!
Okawaru accepts your kill. The killer bee completely misses you.
Fannar moves out of view.
The killer bee completely misses you. The troll barely misses you.
The troll misses you. The troll claws you!
You die...

.......P..
......P.
.......
..... ....
#..# #T.#
#s.# #yy#
#..#
.......y#
........#
.#####..#
#..# #..#
#..#


You could see a troll and 3 killer bees.

Vanquished Creatures
  Pikel (D:5)
  A deep elf mage (D:10)
  Psyche (D:8)
  17 yaks
  A spriggan (D:8)
  Eustachio (D:4)
  3 hungry ghosts
  Edmund (D:5)
  A water moccasin (D:8)
  3 orc warriors
  Duvessa (D:4)
  A sky beast (D:7)
  2 ice beasts
  2 black bears
  4 ogres
  3 phantoms
  4 centaurs
  2 big kobolds
  3 bullfrogs
  2 scorpions
  A water moccasin skeleton (D:5)
  Dowan (D:4)
  2 killer bees (D:11)
  8 wights (D:9)
  4 howler monkeys
  6 crimson imps
  A bullfrog zombie (D:6)
  2 centaur skeletons
  4 hounds
  2 centaur zombies
  4 jellies
  10 orc wizards
  A bullfrog skeleton (D:10)
  7 orc priests
  3 iguanas
  3 worker ants
  A hound skeleton (D:8)
  A worker ant zombie (D:8)
  13 gnolls
  A howler monkey skeleton (D:6)
  8 adders
  2 shadow imps
  An adder zombie (D:8)
  3 adder skeletons
  2 worms
  3 dart slugs
  6 leopard geckos
  37 orcs
  5 giant cockroaches
  8 goblins
  7 hobgoblins
  14 jackals
  5 quokkas
  3 ball pythons
  7 bats
  A frilled lizard (D:3)
  17 kobolds
  A leopard gecko skeleton (D:6)
  A leopard gecko zombie (D:8)
  3 rats (D:1)
263 creatures vanquished.

Vanquished Creatures (others)
  3 slaves (D:5)
  An ogre (D:5)
  A centaur (D:5)
  2 orc wizards
  A worker ant (D:5)
  3 gnolls (D:5)
  3 orcs
  A frilled lizard (D:5)
  A fungus (D:11)
16 creatures vanquished.

Grand Total: 279 creatures vanquished

Notes
Turn   | Place    | Note
-------+----------+-------------------------------------------
     0 | D:1      | grindst0ne the Demonspawn Fire Elementalist began the quest for the Orb.
     0 | D:1      | Reached XP level 1. HP: 13/13 MP: 3/3
    98 | D:1      | Reached skill level 1 in Fighting
   207 | D:1      | Gained mutation: You have a pair of small antennae on your head. [demonic ancestry]
   207 | D:1      | Reached XP level 2. HP: 4/22 MP: 0/5
   506 | D:1      | Reached skill level 2 in Fighting
  1047 | D:2      | Gained mutation: When seriously injured, your bleeding wounds create armour. (AC +0) [demonic ancestry]
  1047 | D:2      | Reached XP level 3. HP: 28/28 MP: 6/6
  1095 | D:2      | Reached skill level 3 in Fighting
  1165 | D:2      | Found an iron altar of Okawaru.
  1173 | D:2      | Became a worshipper of Warmaster Okawaru
  1898 | D:2      | Learned a level 2 spell: Throw Flame
  2040 | D:3      | Gained mutation: You sometimes gain a little power by taking damage. [demonic ancestry]
  2040 | D:3      | Reached XP level 4. HP: 32/37 MP: 7/7
  2113 | D:3      | Noticed an ice beast
  2133 | D:3      | Killed an ice beast
  2133 | D:3      | Reached skill level 5 in Fighting
  2133 | D:3      | Reached XP level 5. HP: 21/44 MP: 2/8
  2484 | D:3      | Found a snail-covered altar of Cheibriados.
  2906 | D:4      | Reached XP level 6. HP: 52/52 MP: 9/9
  2923 | D:4      | Reached skill level 6 in Fighting
  3026 | D:4      | Noticed Dowan
  3037 | D:4      | Learned a level 3 spell: Spider Form
  3134 | D:4      | Noticed Duvessa
  3137 | D:4      | Killed Dowan
  3137 | D:4      | Reached skill level 1 in Transmutations
  3156 | D:4      | Killed Duvessa
  3156 | D:4      | Reached * piety under Okawaru
  3462 | D:4      | Noticed Eustachio
  3486 | D:4      | Killed Eustachio
  3486 | D:4      | Reached XP level 7. HP: 38/59 MP: 10/10
  3637 | D:4      | Reached skill level 7 in Fighting
  4146 | D:5      | Entered Level 5 of the Dungeon
  4322 | D:5      | Noticed Pikel
  4336 | D:5      | Killed Pikel
  4336 | D:5      | Reached ** piety under Okawaru
  4336 | D:5      | Reached *** piety under Okawaru
  4336 | D:5      | Reached skill level 5 in Transmutations
  4336 | D:5      | Gained mutation: You sometimes gain power by taking damage. [demonic ancestry]
  4336 | D:5      | Reached XP level 8. HP: 33/68 MP: 8/11
  4433 | D:5      | Reached skill level 8 in Fighting
  4671 | D:5      | Found an ornate altar of the Wu Jian Council.
  4939 | D:5      | Noticed Edmund
  5156 | D:5      | Reached skill level 1 in Invocations
  5223 | D:5      | Killed Edmund
  5223 | D:5      | Reached skill level 1 in Axes
  5223 | D:5      | Reached skill level 1 in Armour
  5259 | D:5      | Found an ancient bone altar of Kikubaaqudgha.
  5405 | D:5      | You fall through a shaft for 2 floors!
  5546 | D:7      | Reached XP level 9. HP: 43/75 MP: 6/12
  5706 | D:7      | Reached **** piety under Okawaru
  6143 | D:6      | Found a staircase to the Ecumenical Temple.
  7413 | D:7      | Reached skill level 5 in Invocations
  7787 | D:6      | Reached skill level 9 in Fighting
  8281 | D:7      | Reached ***** piety under Okawaru
  8625 | D:7      | Noticed a two-headed ogre
  9942 | D:8      | Reached XP level 10. HP: 52/83 MP: 15/15
 10019 | D:8      | You fall through a shaft for 2 floors!
 10019 | D:10     | Entered Level 10 of the Dungeon
 10705 | D:8      | Noticed a two-headed ogre
 11004 | D:8      | Noticed Psyche
 11038 | D:8      | Killed Psyche
 11489 | D:8      | Found Lekier's Assorted Antiques.
 11503 | D:8      | Received a gift from Okawaru
 11517 | D:8      | Got a polished ring mail {god gift}
 11528 | D:8      | Identified the +2 ring mail "Wuyh" {*Drain Dex+10} (Okawaru gifted it to you on level 8 of the Dungeon)
 11877 | D:8      | Bought a pair of embroidered boots for 195 gold pieces
 15141 | D:9      | Reached skill level 10 in Fighting
 15379 | D:9      | Reached skill level 5 in Axes
 15379 | D:9      | Reached skill level 5 in Armour
 16077 | D:10     | Cast into level 1 of the Abyss (orc)
 16114 | Abyss:1  | Noticed a starcursed mass
 16169 | D:10     | Escaped the Abyss
 16185 | D:10     | Received a gift from Okawaru
 16185 | D:10     | Gained mutation: You have a pair of antennae on your head. [demonic ancestry]
 16185 | D:10     | Reached XP level 11. HP: 43/90 MP: 17/17
 16211 | D:10     | Noticed a deep elf mage
 16727 | D:10     | Killed a deep elf mage
 16740 | D:10     | You fall through a shaft!
 16756 | D:11     | Noticed Fannar
 16756 | D:11     | HP: 4/90 [poisoned by a killer bee]
 16756 | D:11     | Slain by a troll

Skill      XL: |  1  2  3  4  5  6  7  8  9 10 |
---------------+-------------------------------+-----
Fighting       | 1 2 3 5 6 7 8 9 10 | 10.0
Transmutations | 3 5 6 |  6.5
Invocations    | 3 7 9 |  9.0
Axes           | 1 3 6 |  6.6
Armour         | 1 3 6 |  6.6
Dodging        | |  1.7
Stealth        | |  1.7
Spellcasting   | |  2.0
Conjurations   | |  1.0
Fire Magic     | |  2.6

Action                   |  1- 3 |  4- 6 |  7- 9 | 10-12 || total
-------------------------+-------+-------+-------+-------++-------
Melee: Club              |    10 |       |       |       ||    10
       Unarmed           |     4 |       |   301 |   313 ||   618
       Whip              |    70 |   149 |   179 |    93 ||   491
       War axe           |       |       |       |   117 ||   117
 Cast: Flame Tongue      |    20 |     9 |     2 |       ||    31
       Throw Flame       |       |     2 |       |       ||     2
       Spider Form       |       |       |    29 |    38 ||    67
Invok: Heroism           |       |       |     1 |     1 ||     2
 Abil: End Transformatio |       |       |     1 |       ||     1
Evoke: Wand              |       |       |       |     4 ||     4
  Use: Scroll            |     1 |     1 |     3 |     5 ||    10
       Potion            |       |     2 |     3 |    10 ||    15
 Stab: Sleeping          |     1 |     2 |     5 |     3 ||    11
       Distracted        |       |     1 |       |       ||     1
       Invisible         |       |       |       |     7 ||     7
  Eat: Chunk             |     2 |     3 |    17 |    11 ||    33
       Ration            |     1 |       |     5 |     7 ||    13
Armor: Robe              |    17 |    63 |    50 |       ||   130
       Skin              |       |     9 |    25 |    13 ||    47
       Leather armour    |       |       |     3 |     8 ||    11
       Ring mail         |       |       |       |    97 ||    97
Dodge: Dodged            |    86 |   134 |   448 |   480 ||  1148
